AoeStats
← matpochmara

Nomad

503690995Analyzed
4v4 RM · 1mo ago on Sep 1, 2026· 53m 26s· 8 players
Game mode
Random Map
Map size
231×231
Population
200
Speed
Normal
Resources
Standard
Victory
Conquest
Starting age
Dark Age
Ending age
Imperial Age
RankedLock teamsTeams togetherTeam positionsShared explorationLock speedFull tech treeHidden civsTurbo modeCheats
Victory
Defeat
🇮🇹 Koreans · Italy
1094
+15
🇪🇸 Persians · Spain
1081
+16
🇫🇷 Berbers · France
1073
+16
🇫🇷 Vikings · France
1068
+17
🇹🇷 Malay · Türkiye
1114
-18
🇺🇸 Vietnamese · United States
1086
-16
🇵🇱 Celts · Poland
1068
-15
🇪🇸 Huns · Spain
1060
-15
Reimalo_2
6:05 Loom
14:21 Feudal Age
19:06 Castle Age
19:43 Double-Bit Axe
25:22 Town Watch
30:51 Fletching
33:17 Bodkin Arrow
34:23 Husbandry
36:04 Horse Collar
37:28 Forging
45:15 Light Cavalry
46:19 Light Cavalry
massiz10
14:41 Loom
16:50 Feudal Age
18:04 Double-Bit Axe
20:38 Castle Age
18:34 Fishing Lines
19:38 Gold Mining
20:13 Stone Mining
20:16 Fletching
20:41 Horse Collar
22:36 Wheelbarrow
21:48 Town Watch
23:53 Gillnets
25:29 Ballistics
32:11 Hand Cart
33:06 Bow Saw
33:35 Bodkin Arrow
38:43 Imperial Age
38:03 Stone Shaft Mining
38:07 Gold Shaft Mining
37:38 Eupseong
38:30 Clinker Construction
39:15 Heavy Plow
38:48 Elite War Wagon
39:50 Conscription
39:44 Bracer
40:08 Town Patrol
40:27 Heavy Rocket Cart
41:42 Siege Engineers
41:25 Arrowslits
42:45 Two-Man Saw
44:19 Chemistry
44:58 Scale Mail Armor
45:08 Forging
47:35 Masonry
47:22 Murder Holes
49:18 Treadmill Crane
50:08 Architecture
49:56 Chain Mail Armor
50:17 Iron Casting
50:22 Shinkichon
53:36 Heated Shot
Zig
5:50 Loom
9:31 Loom
16:48 Feudal Age
20:17 Gold Mining
22:55 Castle Age
20:45 Double-Bit Axe
21:39 Fishing Lines
24:31 Man-at-Arms
25:08 Gambesons
25:24 Squires
25:42 Gold Mining
30:46 Scale Mail Armor
30:57 Forging
35:09 Gillnets
38:38 Bow Saw
39:11 Crossbowman
41:12 Murder Holes
42:36 Fletching
43:16 Ballistics
48:11 Imperial Age
49:36 Arbalester
51:25 Bogsveigar
52:19 Bodkin Arrow
Blawckdown
15:14 Feudal Age
19:31 Castle Age
17:51 Horse Collar
18:00 Double-Bit Axe
19:55 Pikeman
21:48 Forging
21:39 Scale Mail Armor
23:57 Iron Casting
26:23 Bow Saw
26:18 Heavy Plow
27:29 Gold Mining
30:32 Wheelbarrow
30:20 Town Watch
31:13 Scale Barding Armor
31:16 Fishing Lines
32:37 Hand Cart
36:57 Imperial Age
37:17 Chain Barding Armor
37:28 Bloodlines
37:19 Husbandry
37:44 Town Patrol
37:26 Cavalier
39:08 Blast Furnace
41:06 Plate Barding Armor
53:26 Gold Shaft Mining
matpochmara
14:14 Loom
16:35 Feudal Age
17:43 Double-Bit Axe
17:46 Horse Collar
18:23 Forging
18:16 Scale Mail Armor
17:40 Man-at-Arms
21:11 Arson
25:11 Castle Age
26:21 Chain Mail Armor
26:22 Long Swordsman
27:05 Gambesons
27:56 Pikeman
29:20 Iron Casting
29:16 Gold Mining
37:40 Wheelbarrow
1. d4
5:31 Loom
13:13 Feudal Age
20:00 Castle Age
20:34 Fletching
20:51 Double-Bit Axe
24:37 Bodkin Arrow
25:22 Horse Collar
33:53 Wheelbarrow
42:09 Imperial Age
40:13 Hand Cart
39:46 Town Watch
40:18 Hand Cart
43:45 Elite Rattan Archer
45:26 Bracer
45:34 Heavy Plow
46:14 Ballistics
47:37 Padded Archer Armor
48:09 Murder Holes
53:26 Chemistry
muammerkahraman1987
5:06 Loom
14:38 Feudal Age
19:51 Castle Age
18:07 Double-Bit Axe
18:18 Horse Collar
20:35 Bow Saw
20:43 Heavy Plow
25:07 Gold Mining
25:11 Stone Mining
28:40 Wheelbarrow
27:53 Town Watch
28:12 Man-at-Arms
28:39 Arson
28:58 Squires
28:56 Long Swordsman
28:58 Pikeman
32:13 Gold Shaft Mining
32:16 Stone Shaft Mining
31:54 Forging
32:04 Hand Cart
34:58 Imperial Age
34:03 Iron Casting
33:42 Town Patrol
34:02 Two-Handed Swordsman
34:50 Forced Levy
36:17 Blast Furnace
36:29 Crop Rotation
46:11 Halberdier
TAS69
5:00 Loom
14:06 Feudal Age
17:57 Castle Age
16:47 Horse Collar
17:56 Scale Barding Armor
18:02 Forging
18:05 Bloodlines
18:14 Double-Bit Axe
18:24 Gold Mining
21:23 Bow Saw
21:24 Stone Mining
24:47 Wheelbarrow
25:26 Fletching
25:37 Padded Archer Armor
26:30 Heavy Plow
28:06 Elite Skirmisher
31:27 Hand Cart
40:02 Imperial Age
37:37 Husbandry
38:54 Bodkin Arrow
39:11 Pikeman
39:51 Squires
41:30 Bracer
42:07 Iron Casting
47:00 Blast Furnace
46:23 Chain Barding Armor
Connection lost

Rejoining the realm…

Still unreachable

The connection could not be restored.

Session expired

The server has moved on; the page needs a fresh start.